Bruins vs Panthers

Created - November 22, 2023 at 22:00

Goals
1 2 3 OT1 SO T
Bruins 5 1 0 0 2 7
Panthers 2 1 3 0 0 6
Shots
1 2 3 OT1 SO T
Bruins 14 13 14 2 2 43
Panthers 16 15 13 7 2 51

1st period

1. Bruins , Scott Laughton 1 (David Pastrnak 5, Brady Skjei 3) at 0:32
2. Panthers , Max Pacioretty 5 (Wyatt Johnston 7, Dylan Samberg 2) at 2:51
3. Bruins , Tomas Hertl 6 (Ilya Lyubushkin 4) at 3:38
4. Bruins , Tom Wilson 2 (Patrik Laine 7, Jamie Benn 3) at 14:18
5. Bruins , David Pastrnak 4 (Mikael Backlund 6) at 17:35
6. Panthers , Cole Caufield 8 (Jordan Eberle 7, Shea Theodore 12) at 19:05
7. Bruins , Patrik Laine 7 (Jamie Benn 4, Brady Skjei 4) at 19:23

Penalties :
Connor Clifton (BOS) for High sticking (Minor) at 0:40, Filip Hronek (BOS) for Hooking (Minor) at 11:08, Filip Hronek (BOS) for High sticking (Minor) at 14:49

2nd period

8. Bruins , David Pastrnak 5 (Hampus Lindholm 8, Mikael Backlund 7) at 0:16
9. Panthers , Christopher Tanev 3 (Cole Caufield 7, Jordan Eberle 8) at 17:39

Penalties :
Tom Wilson (BOS) for Tripping (Minor) at 1:24, Patrik Nemeth (FLA) for Slashing (Minor) at 7:55

3rd period

10. Panthers , Cole Caufield 9 (Jordan Eberle 9, Martin Fehervary 6) at 2:46
11. Panthers , Max Pacioretty 6 (Wyatt Johnston 8, Patrik Nemeth 4) at 3:11
12. Panthers , Brent Burns 1 (Kaapo Kakko 2, Jakub Vrana 4) at 7:38

Penalties :
Christopher Tanev (FLA) for Hooking (Minor) at 9:02, Filip Hronek (BOS) for Tripping (Minor) at 12:04

Overtime #1

No Goal

Penalties :
No Penalty

Shootout

Bruins, Patrik Laine - Goal!
Panthers, Jordan Eberle - Stopped by Juuse Saros
Bruins, Lucas Raymond - Goal!
Panthers, Jakub Vrana - Shot Misses the Net

Penalties :
No Penalty

Goalie Stats

Juuse Saros (BOS), 45 saves from 51 shots - (0.882), W, 8-8-2, 65:00 minutes
Pavel Francouz (FLA), 29 saves from 31 shots - (0.935), OTL, 0-2-1, 47:25 minutes
Antti Raanta (FLA), 8 saves from 12 shots - (0.667), 17:35 minutes

Players Stats for Bruins

Player Name              G  A  P  +/- PIM S  H  SB GA TA FO     MP     PP MP  PK MP  
------------------------------------------------------------------------------------
Barclay Goodrow          0  0  0  -3  0   1  1  0  0  0  9/12   12:30   0:00   5:59 
Brady Skjei              0  2  2   1  0   0  0  2  0  0  0/0    20:32   0:00   5:02 
Cody Ceci                0  0  0   1  0   0  2  2  0  0  0/0    19:25   0:00   4:53 
Connor Clifton           0  0  0   1  2   1  2  0  0  0  0/0    12:55   0:00   0:00 
David Pastrnak           2  1  3   3  0   8  1  0  0  0  2/2    19:39   2:20   0:00 
Erik Haula               0  0  0  -1  0   0  0  0  0  0  14/16  16:06   0:00   5:59 
Filip Hronek             0  0  0  -2  6   1  3  1  0  0  0/0    22:15   1:53   0:00 
Hampus Lindholm          0  1  1  -2  0   1  4  2  0  0  0/0    27:53   2:05   4:53 
Ilya Lyubushkin          0  1  1   1  0   0  1  1  0  0  0/0    17:58   0:00   5:02 
Jamie Benn               0  2  2   1  0   2  0  0  0  0  23/29  19:24   2:20   0:00 
Kirill Marchenko         0  0  0  -3  0   3  1  0  0  0  0/0     8:24   1:53   0:00 
Lucas Raymond            0  0  0  -3  0   3  0  0  0  0  0/0     6:31   0:00   0:00 
Mikael Backlund          0  2  2   3  0   2  2  0  0  0  18/27  22:04   1:38   3:56 
Owen Tippett             0  0  0  -1  0   7  2  0  0  0  0/0    12:12   2:05   0:00 
Patrik Laine             1  1  2   1  0   4  0  0  0  0  1/2    18:53   2:20   0:00 
Scott Laughton           1  0  1   3  0   2  3  1  0  0  0/0    19:29   0:00   3:56 
Tom Wilson               1  0  1   1  2   3  1  0  0  0  0/2    16:47   1:38   0:00 
Tomas Hertl              1  0  1  -1  0   5  1  0  0  0  11/19  12:03   1:38   0:00 

Players Stats for Panthers

Player Name              G  A  P  +/- PIM S  H  SB GA TA FO     MP     PP MP  PK MP  
------------------------------------------------------------------------------------
Brent Burns              1  0  1   0  0   4  1  2  0  0  0/0    27:38   4:32   2:20 
Christopher Tanev        1  0  1   0  2   5  0  0  0  0  0/0    25:55   5:34   1:03 
Cole Caufield            2  1  3   2  0   7  0  0  0  0  0/1    18:19   5:05   0:08 
Dylan Samberg            0  1  1   1  0   1  2  0  0  0  0/0    14:38   0:00   1:17 
Filip Chytil             0  0  0   1  0   1  0  0  0  0  6/16   12:21   0:00   0:00 
Jakub Vrana              0  1  1   1  0   5  2  0  0  0  0/0    18:47   4:50   1:36 
Jordan Eberle            0  3  3   2  0   4  0  1  0  0  4/10   18:21   5:05   0:00 
Kaapo Kakko              0  1  1   1  0   0  1  0  0  0  1/3    11:41   0:00   0:00 
Lukas Reichel            0  0  0   2  0   4  0  0  0  0  5/30   18:24   4:50   0:08 
Luke Kunin               0  0  0  -2  0   1  6  0  0  0  0/1    13:38   0:00   2:08 
Martin Fehervary         0  1  1  -1  0   0  3  1  0  0  0/0    21:42   4:21   1:38 
Max Pacioretty           2  0  2  -1  0   4  2  0  0  0  0/0    12:13   0:00   0:18 
Patrik Nemeth            0  1  1   1  2   2  2  5  0  0  0/0    14:22   1:02   0:00 
Ryan Poehling            0  0  0  -2  0   2  1  1  0  0  10/25  18:22   4:50   2:02 
Ryan Strome              0  0  0  -1  0   2  0  0  0  0  0/2    13:50   0:00   0:00 
Shea Theodore            0  1  1  -1  0   3  0  0  0  0  0/0    20:43   4:21   1:38 
Steven Lorentz           0  0  0  -2  0   2  1  2  0  0  0/2    13:06   0:00   1:36 
Wyatt Johnston           0  2  2  -1  0   4  1  0  0  0  5/19   17:00   5:05   0:00 

3 Stars

1 - David Pastrnak (BOS)
2 - Cole Caufield (FLA)
3 - Scott Laughton (BOS)

Power Play

Bruins - 0 on 2 Attempt(s) - 0.00%
Panthers - 0 on 5 Attempt(s) - 0.00%

Penalty Kill

Bruins - 5 on 5 Attempt(s) - 100.00% - Score 0 goal in Penalty Kill
Panthers - 2 on 2 Attempt(s) - 100.00% - Score 0 goal in Penalty Kill

Team Stat

Bruins - Hits : 24 - Faceoff Wins : 78 - Blocked Shots : 9 - Penalty Minutes : 10
Panthers - Hits : 22 - Faceoff Wins : 31 - Blocked Shots : 12 - Penalty Minutes : 4

Official

Referees : Kendrick Nicholson and Ian Walsh
Linesman : Ryan Gibbons and Travis Gawryletz

Game Notes

Pavel Francouz enters game at 17:35 of 1st period

Finance

Level 1 -- Attendance: 6000 (100.00%) -- Ticket Income $780,000
Level 2 -- Attendance: 5000 (100.00%) -- Ticket Income $225,000
Level 3 -- Attendance: 2000 (100.00%) -- Ticket Income $80,000
Level 4 -- Attendance: 4000 (100.00%) -- Ticket Income $140,000
Luxury Box -- Attendance: 1000 (100.00%) -- Ticket Income $100,000
Game was played at the BBT Center.
Total Attendance: 18000 (100.00%)
Total Ticket Income: $1,325,000
Other Income: $649,250
Total Income: $1,974,250

Bruins

5 vs 5 Forward 
   Center                   Left Wing                Right Wing               Time % Phy DF OF 
 1 Jamie Benn               Patrik Laine             Tom Wilson               31     1   1  3  
 2 Mikael Backlund          Scott Laughton           David Pastrnak           31     0   2  3  
 3 Tomas Hertl              Erik Haula               Owen Tippett             23     1   3  1  
 4 Barclay Goodrow          Lucas Raymond            Kirill Marchenko         15     1   2  2  

5 vs 5 Defense 
   Defense                  Defense                                           Time % Phy DF OF 
 1 Hampus Lindholm          Cody Ceci                                         31     1   3  1  
 2 Filip Hronek             Brady Skjei                                       30     0   3  2  
 3 Ilya Lyubushkin          Connor Clifton                                    25     1   3  1  
 4 Hampus Lindholm          Filip Hronek                                      14     0   2  3  

PowerPlay Forward 
   Center                   Left Wing                Right Wing               Time % Phy DF OF 
 1 Jamie Benn               Patrik Laine             David Pastrnak           60     0   0  5  
 2 Tomas Hertl              Mikael Backlund          Tom Wilson               40     0   0  5  

PowerPlay Defense
   Defense                  Defense                                           Time % Phy DF OF 
 1 Hampus Lindholm          Owen Tippett                                      60     0   0  5  
 2 Filip Hronek             Kirill Marchenko                                  40     0   0  5  

Penalty Kill 4 Players Forward 
   Center                   Wing                     Time % Phy DF OF 
 1 Erik Haula               Barclay Goodrow          55     1   4  0  
 2 Mikael Backlund          Scott Laughton           45     1   4  0  

Penalty Kill 4 Players Defense
   Defense                  Defense                  Time % Phy DF OF 
 1 Hampus Lindholm          Cody Ceci                55     1   4  0  
 2 Ilya Lyubushkin          Brady Skjei              45     1   4  0  

Penalty Kill - 3 Players Forward 
   Forward                                           Time % Phy DF OF 
 1 Barclay Goodrow                                   60     1   4  0  
 2 Scott Laughton                                    40     1   4  0  

Penalty Kill - 3 Players Defense
   Defense                  Defense                  Time % Phy DF OF 
 1 Hampus Lindholm          Cody Ceci                60     1   4  0  
 2 Ilya Lyubushkin          Brady Skjei              40     1   4  0  

4 vs 4 Forward 
   Center                   Wing                     Time % Phy DF OF 
 1 Tomas Hertl              Scott Laughton           60     1   2  2  
 2 Mikael Backlund          Patrik Laine             40     1   2  2  

4 vs 4 Defense
   Defense                  Defense                  Time % Phy DF OF 
 1 Hampus Lindholm          Cody Ceci                60     1   3  1  
 2 Brady Skjei              Filip Hronek             40     1   2  2  

Last Minutes Offensive
   Center                   Left Wing                Right Wing               Defense                  Defense                  
   Jamie Benn               Patrik Laine             David Pastrnak           Hampus Lindholm          Brady Skjei              

Last Minutes Defensive
   Center                   Left Wing                Right Wing               Defense                  Defense                  
   Mikael Backlund          Barclay Goodrow          Scott Laughton           Cody Ceci                Ilya Lyubushkin          

Goaltenders
Starting : Juuse Saros              
Backup : Ukko-Pekka Luukkonen     

Extra Forwards
Normal : David Pastrnak, Patrik Laine, Jamie Benn - PP : David Pastrnak, Patrik Laine - PK : Barclay Goodrow
Extra Defensemen
Normal : Hampus Lindholm, Filip Hronek, Brady Skjei - PP : Hampus Lindholm - PK : Cody Ceci, Ilya Lyubushkin
Penalty Shots
Patrik Laine, Lucas Raymond, Kirill Marchenko, Jamie Benn, Erik Haula
Custom OT Lines Forwards
Jamie Benn, David Pastrnak, Patrik Laine, Mikael Backlund, Tom Wilson, Scott Laughton, Tomas Hertl, Erik Haula, Owen Tippett, Kirill Marchenko
Custom OT Lines Defensemen
Hampus Lindholm, Filip Hronek, Brady Skjei, Connor Clifton, Ilya Lyubushkin

Scratches
Trent Frederic (Healthy), Cole Sillinger (Healthy), Michael Carcone (Healthy), Joey Anderson (Healthy)

Panthers

5 vs 5 Forward 
   Center                   Left Wing                Right Wing               Time % Phy DF OF 
 1 Lukas Reichel            Cole Caufield            Jordan Eberle            25     0   2  3  
 2 Wyatt Johnston           Max Pacioretty           Ryan Strome              25     1   1  3  
 3 Filip Chytil             Jakub Vrana              Kaapo Kakko              25     1   1  3  
 4 Ryan Poehling            Steven Lorentz           Luke Kunin               25     1   2  2  

5 vs 5 Defense 
   Defense                  Defense                                           Time % Phy DF OF 
 1 Brent Burns              Christopher Tanev                                 25     1   2  2  
 2 Martin Fehervary         Shea Theodore                                     25     1   2  2  
 3 Patrik Nemeth            Dylan Samberg                                     25     1   2  2  
 4 Brent Burns              Christopher Tanev                                 25     1   2  2  

PowerPlay Forward 
   Center                   Left Wing                Right Wing               Time % Phy DF OF 
 1 Wyatt Johnston           Cole Caufield            Jordan Eberle            60     1   2  2  
 2 Lukas Reichel            Jakub Vrana              Ryan Poehling            40     1   2  2  

PowerPlay Defense
   Defense                  Defense                                           Time % Phy DF OF 
 1 Brent Burns              Christopher Tanev                                 60     1   2  2  
 2 Martin Fehervary         Shea Theodore                                     40     1   2  2  

Penalty Kill 4 Players Forward 
   Center                   Wing                     Time % Phy DF OF 
 1 Ryan Poehling            Luke Kunin               60     1   2  2  
 2 Steven Lorentz           Jakub Vrana              40     1   2  2  

Penalty Kill 4 Players Defense
   Defense                  Defense                  Time % Phy DF OF 
 1 Brent Burns              Christopher Tanev        60     1   2  2  
 2 Martin Fehervary         Shea Theodore            40     1   2  2  

Penalty Kill - 3 Players Forward 
   Forward                                           Time % Phy DF OF 
 1 Ryan Poehling                                     60     1   2  2  
 2 Steven Lorentz                                    40     1   2  2  

Penalty Kill - 3 Players Defense
   Defense                  Defense                  Time % Phy DF OF 
 1 Brent Burns              Christopher Tanev        60     1   2  2  
 2 Martin Fehervary         Shea Theodore            40     1   2  2  

4 vs 4 Forward 
   Center                   Wing                     Time % Phy DF OF 
 1 Lukas Reichel            Max Pacioretty           60     1   2  2  
 2 Wyatt Johnston           Jakub Vrana              40     1   2  2  

4 vs 4 Defense
   Defense                  Defense                  Time % Phy DF OF 
 1 Brent Burns              Christopher Tanev        60     1   2  2  
 2 Martin Fehervary         Shea Theodore            40     1   2  2  

Last Minutes Offensive
   Center                   Left Wing                Right Wing               Defense                  Defense                  
   Ryan Strome              Cole Caufield            Jordan Eberle            Brent Burns              Christopher Tanev        

Last Minutes Defensive
   Center                   Left Wing                Right Wing               Defense                  Defense                  
   Ryan Strome              Cole Caufield            Jordan Eberle            Brent Burns              Christopher Tanev        

Goaltenders
Starting : Antti Raanta             
Backup : Pavel Francouz           

Extra Forwards
Normal : Ryan Poehling, Jakub Vrana, Max Pacioretty - PP : Ryan Poehling, Jakub Vrana - PK : Max Pacioretty
Extra Defensemen
Normal : Patrik Nemeth, Dylan Samberg, Martin Fehervary - PP : Patrik Nemeth - PK : Dylan Samberg, Martin Fehervary
Penalty Shots
Jordan Eberle, Jakub Vrana, Cole Caufield, Ryan Strome, Filip Chytil
Custom OT Lines Forwards
Jordan Eberle, Lukas Reichel, Cole Caufield, Ryan Strome, Filip Chytil, Jakub Vrana, Luke Kunin, Max Pacioretty, Wyatt Johnston, Ryan Poehling
Custom OT Lines Defensemen
Brent Burns, Christopher Tanev, Martin Fehervary, Shea Theodore, Patrik Nemeth

Scratches
Pavel Dorofeyev (Healthy), Jeff Carter (Healthy), Tyson Jost (Healthy)

% Time on Ice - Bruins

Lines # - Real PCT - Wanted PCT - Time Play
Normal Forward
1 - 32% - 31% - 14:33
2 - 32% - 31% - 14:56
3 - 22% - 23% - 10:07
4 - 14% - 15% - 6:31
Normal Defense
1 - 32% - 31% - 14:32
2 - 32% - 30% - 14:53
3 - 28% - 25% - 12:56
4 - 8% - 14% - 3:46
PP Forward
1 - 59% - 60% - 2:20
2 - 41% - 40% - 1:38
PP Defense
1 - 53% - 60% - 2:05
2 - 47% - 40% - 1:53
PK Forward
1 - 60% - 55% - 5:59
2 - 40% - 45% - 3:56
PK Defense
1 - 49% - 55% - 4:53
2 - 51% - 45% - 5:02
PK3 Forward
1 - 0% - 60%
2 - 0% - 40%
PK3 Defense
1 - 0% - 60%
2 - 0% - 40%
44 Forward
1 - 0% - 60%
2 - 0% - 40%
44 Defense
1 - 0% - 60%
2 - 0% - 40%
Last Minute Offensive  - 0:00
Last Minute Defensive  - 0:00
Total
Forward - 60:00
Defense - 60:00

% Time on Ice - Panthers

Lines # - Real PCT - Wanted PCT - Time Play
Normal Forward
1 - 24% - 25% - 11:01
2 - 26% - 25% - 11:55
3 - 25% - 25% - 11:41
4 - 25% - 25% - 11:30
Normal Defense
1 - 18% - 25% - 8:17
2 - 32% - 25% - 14:44
3 - 29% - 25% - 13:21
4 - 21% - 25% - 9:45
PP Forward
1 - 51% - 60% - 5:05
2 - 49% - 40% - 4:50
PP Defense
1 - 56% - 60% - 5:34
2 - 44% - 40% - 4:21
PK Forward
1 - 60% - 60% - 2:22
2 - 40% - 40% - 1:36
PK Defense
1 - 59% - 60% - 2:20
2 - 41% - 40% - 1:38
PK3 Forward
1 - 0% - 60%
2 - 0% - 40%
PK3 Defense
1 - 0% - 60%
2 - 0% - 40%
44 Forward
1 - 0% - 60%
2 - 0% - 40%
44 Defense
1 - 0% - 60%
2 - 0% - 40%
Last Minute Offensive  - 0:00
Last Minute Defensive  - 0:00
Total
Forward - 60:00
Defense - 60:00

Play-by-Play

1st period


0:01 of 1st period - Jamie Benn wins face-off versus Lukas Reichel in neutral zone.
0:12 of 1st period - Shot by Lukas Reichel.
0:12 of 1st period - Stopped by Juuse Saros without a rebound.
0:13 of 1st period - Mikael Backlund wins face-off versus Wyatt Johnston in Bruins zone.
0:22 of 1st period - Shot by David Pastrnak.
0:22 of 1st period - Shot Misses the Net.
0:32 of 1st period - Shot by David Pastrnak.
0:32 of 1st period - Deflect By Scott Laughton.
0:32 of 1st period - Goal by Scott Laughton - Bruins : 1 - Panthers : 0.
0:33 of 1st period - Filip Chytil wins face-off versus Tomas Hertl in neutral zone.
0:40 of 1st period - Shot by Dylan Samberg.
0:40 of 1st period - Stopped by Juuse Saros without a rebound.
0:40 of 1st period - Minor Penalty to Connor Clifton for High sticking.
0:41 of 1st period - Erik Haula wins face-off versus Jordan Eberle in Bruins zone.
1:42 of 1st period - Shot by Jakub Vrana.
1:42 of 1st period - Stopped by Juuse Saros without a rebound.
1:43 of 1st period - Erik Haula wins face-off versus Lukas Reichel in Bruins zone.
2:34 of 1st period - Brady Skjei is hit by Wyatt Johnston and loses puck.
2:51 of 1st period - Shot by Max Pacioretty.
2:51 of 1st period - Goal by Max Pacioretty - Bruins : 1 - Panthers : 1.
2:52 of 1st period - Mikael Backlund wins face-off versus Filip Chytil in neutral zone.
3:09 of 1st period - Shot by Jakub Vrana.
3:09 of 1st period - Shot Misses the Net.
3:11 of 1st period - Shot by Patrik Nemeth.
3:11 of 1st period - Deflect By Jakub Vrana.
3:11 of 1st period - Shot Misses the Net.
3:13 of 1st period - Shot by Dylan Samberg.
3:13 of 1st period - Shot Blocked by Filip Hronek.
3:15 of 1st period - Shot by Patrik Nemeth.
3:15 of 1st period - Stopped by Juuse Saros without a rebound.
3:16 of 1st period - Jamie Benn wins face-off versus Lukas Reichel in Bruins zone.
3:28 of 1st period - Icing by Lukas Reichel.
3:29 of 1st period - Tomas Hertl wins face-off versus Lukas Reichel in Panthers zone.
3:38 of 1st period - Shot by Tomas Hertl.
3:38 of 1st period - Goal by Tomas Hertl - Bruins : 2 - Panthers : 1.
3:39 of 1st period - Barclay Goodrow wins face-off versus Ryan Poehling in neutral zone.
4:15 of 1st period - Shot by Lucas Raymond.
4:15 of 1st period - Stopped by Antti Raanta with a rebound.
4:28 of 1st period - Off-side.
4:29 of 1st period - Filip Chytil wins face-off versus Jamie Benn in neutral zone.
4:39 of 1st period - Jamie Benn is hit by Kaapo Kakko and loses puck.
4:49 of 1st period - Shot by Jamie Benn.
4:49 of 1st period - Shot Misses the Net.
4:51 of 1st period - Shot by Connor Clifton.
4:51 of 1st period - Stopped by Antti Raanta without a rebound.
4:52 of 1st period - Tomas Hertl wins face-off versus Lukas Reichel in Panthers zone.
5:31 of 1st period - Shot by Lukas Reichel.
5:31 of 1st period - Shot Blocked by Brady Skjei.
7:23 of 1st period - Shot by Jakub Vrana.
7:23 of 1st period - Stopped by Juuse Saros without a rebound.
7:24 of 1st period - Lukas Reichel wins face-off versus Jamie Benn in Bruins zone.
7:32 of 1st period - Icing by Hampus Lindholm.
7:33 of 1st period - Jamie Benn wins face-off versus Filip Chytil in Bruins zone.
8:13 of 1st period - Shot by Patrik Laine.
8:13 of 1st period - Shot Misses the Net.
8:42 of 1st period - Wyatt Johnston is hit by Scott Laughton and loses puck.
8:49 of 1st period - Shot by Wyatt Johnston.
8:49 of 1st period - Shot Blocked by Ilya Lyubushkin.
8:58 of 1st period - Wyatt Johnston is hit by Ilya Lyubushkin.
9:38 of 1st period - Shot by Barclay Goodrow.
9:38 of 1st period - Shot Misses the Net.
9:48 of 1st period - Shot by Barclay Goodrow.
9:48 of 1st period - Stopped by Antti Raanta without a rebound.
9:49 of 1st period - Ryan Poehling wins face-off versus Jamie Benn in Panthers zone.
10:14 of 1st period - Icing by Christopher Tanev.
10:15 of 1st period - Ryan Poehling wins face-off versus Tomas Hertl in Panthers zone.
10:20 of 1st period - Connor Clifton is hit by Ryan Poehling and loses puck.
10:27 of 1st period - Shot by Luke Kunin.
10:27 of 1st period - Shot Misses the Net.
10:29 of 1st period - Shot by Steven Lorentz.
10:29 of 1st period - Stopped by Juuse Saros with a rebound.
10:31 of 1st period - Shot by Luke Kunin.
10:31 of 1st period - Shot Misses the Net.
10:33 of 1st period - Shot by Luke Kunin.
10:33 of 1st period - Stopped by Juuse Saros without a rebound.
10:34 of 1st period - Wyatt Johnston wins face-off versus Mikael Backlund in Bruins zone.
10:41 of 1st period - Shot by Ryan Strome.
10:41 of 1st period - Stopped by Juuse Saros without a rebound.
10:42 of 1st period - Kaapo Kakko wins face-off versus Mikael Backlund in Bruins zone.
10:43 of 1st period - Shot by Filip Chytil.
10:43 of 1st period - Shot Blocked by Hampus Lindholm.
10:54 of 1st period - Kaapo Kakko is hit by Hampus Lindholm and loses puck.
11:07 of 1st period - Shot by Filip Chytil.
11:07 of 1st period - Shot Misses the Net.
11:08 of 1st period - Minor Penalty to Filip Hronek for Hooking.
11:09 of 1st period - Erik Haula wins face-off versus Jordan Eberle in Bruins zone.
11:26 of 1st period - Shot by Jordan Eberle.
11:26 of 1st period - Deflect By Wyatt Johnston.
11:26 of 1st period - Shot Blocked by Brady Skjei.
11:32 of 1st period - Shot by Brent Burns.
11:32 of 1st period - Stopped by Juuse Saros without a rebound.
11:33 of 1st period - Mikael Backlund wins face-off versus Lukas Reichel in Bruins zone.
11:33 of 1st period - Mikael Backlund is hit by Jakub Vrana.
11:45 of 1st period - Shot by Martin Fehervary.
11:45 of 1st period - Shot Misses the Net.
11:57 of 1st period - Ilya Lyubushkin is hit by Jakub Vrana and loses puck.
12:38 of 1st period - Shot by Brent Burns.
12:38 of 1st period - Stopped by Juuse Saros with a rebound.
12:40 of 1st period - Shot by Christopher Tanev.
12:40 of 1st period - Stopped by Juuse Saros without a rebound.
12:41 of 1st period - Wyatt Johnston wins face-off versus Mikael Backlund in Bruins zone.
12:46 of 1st period - Shot by Brent Burns.
12:46 of 1st period - Deflect By Cole Caufield.
12:46 of 1st period - Shot Misses the Net.
12:48 of 1st period - Shot by Christopher Tanev.
12:48 of 1st period - Shot Blocked by Cody Ceci.
13:02 of 1st period - Shot by Brent Burns.
13:02 of 1st period - Stopped by Juuse Saros with a rebound.
13:04 of 1st period - Shot by Christopher Tanev.
13:04 of 1st period - Stopped by Juuse Saros without a rebound.
13:05 of 1st period - Erik Haula wins face-off versus Wyatt Johnston in Bruins zone.
13:32 of 1st period - Shot by Patrik Laine.
13:32 of 1st period - Shot Misses the Net.
13:42 of 1st period - Shot by Patrik Laine.
13:42 of 1st period - Stopped by Antti Raanta without a rebound.
13:43 of 1st period - Mikael Backlund wins face-off versus Lukas Reichel in Panthers zone.
13:47 of 1st period - Icing by Christopher Tanev.
13:48 of 1st period - David Pastrnak wins face-off versus Lukas Reichel in Panthers zone.
14:06 of 1st period - Shot by Mikael Backlund.
14:06 of 1st period - Stopped by Antti Raanta with a rebound.
14:10 of 1st period - Shot by David Pastrnak.
14:10 of 1st period - Stopped by Antti Raanta without a rebound.
14:11 of 1st period - Jamie Benn wins face-off versus Ryan Poehling in Panthers zone.
14:16 of 1st period - Shot by Patrik Laine.
14:16 of 1st period - Stopped by Antti Raanta with a rebound.
14:18 of 1st period - Shot by Tom Wilson.
14:18 of 1st period - Goal by Tom Wilson - Bruins : 3 - Panthers : 1.
14:19 of 1st period - Jamie Benn wins face-off versus Filip Chytil in neutral zone.
14:49 of 1st period - Minor Penalty to Filip Hronek for High sticking.
14:50 of 1st period - Erik Haula wins face-off versus Wyatt Johnston in Bruins zone.
15:05 of 1st period - Shot by Shea Theodore.
15:05 of 1st period - Stopped by Juuse Saros without a rebound.
15:06 of 1st period - Erik Haula wins face-off versus Lukas Reichel in Bruins zone.
15:22 of 1st period - Mikael Backlund is hit by Brent Burns.
15:26 of 1st period - Shot by Scott Laughton.
15:26 of 1st period - Stopped by Antti Raanta without a rebound.
15:27 of 1st period - Jordan Eberle wins face-off versus Erik Haula in Panthers zone.
17:31 of 1st period - Icing by Dylan Samberg.
17:32 of 1st period - Mikael Backlund wins face-off versus Ryan Poehling in Panthers zone.
17:35 of 1st period - Shot by David Pastrnak.
17:35 of 1st period - Goal by David Pastrnak - Bruins : 4 - Panthers : 1.
17:35 of 1st period - Pavel Francouz enters game.
17:36 of 1st period - Mikael Backlund wins face-off versus Filip Chytil in neutral zone.
17:54 of 1st period - Shot by David Pastrnak.
17:54 of 1st period - Shot Blocked by Brent Burns.
19:05 of 1st period - Shot by Cole Caufield.
19:05 of 1st period - Goal by Cole Caufield - Bruins : 4 - Panthers : 2.
19:06 of 1st period - Jamie Benn wins face-off versus Wyatt Johnston in neutral zone.
19:23 of 1st period - Shot by Patrik Laine.
19:23 of 1st period - Goal by Patrik Laine - Bruins : 5 - Panthers : 2.
19:24 of 1st period - Barclay Goodrow wins face-off versus Lukas Reichel in neutral zone.
19:33 of 1st period - Shot by Lucas Raymond.
19:33 of 1st period - Stopped by Pavel Francouz with a rebound.
19:57 of 1st period - Shot by Connor Clifton.
19:57 of 1st period - Shot Blocked by Jordan Eberle.
Goals for this period are 5 for Bruins vs 2 for Panthers.
Shots for this period are 14 for Bruins vs 16 for Panthers.

2nd period


0:01 of 2nd period - Mikael Backlund wins face-off versus Wyatt Johnston in neutral zone.
0:12 of 2nd period - Shot by Mikael Backlund.
0:12 of 2nd period - Shot Misses the Net.
0:14 of 2nd period - Shot by Hampus Lindholm.
0:14 of 2nd period - Shot Misses the Net.
0:16 of 2nd period - Shot by David Pastrnak.
0:16 of 2nd period - Goal by David Pastrnak - Bruins : 6 - Panthers : 2.
0:17 of 2nd period - Jamie Benn wins face-off versus Ryan Poehling in neutral zone.
0:22 of 2nd period - Icing by Luke Kunin.
0:23 of 2nd period - Jamie Benn wins face-off versus Ryan Poehling in Panthers zone.
0:25 of 2nd period - Tom Wilson is hit by Martin Fehervary and loses puck.
0:31 of 2nd period - Shea Theodore is hit by Tom Wilson and loses puck.
0:36 of 2nd period - Tom Wilson is hit by Luke Kunin and loses puck.
1:02 of 2nd period - Shea Theodore is hit by Filip Hronek and loses puck.
1:20 of 2nd period - Icing by Tom Wilson.
1:21 of 2nd period - Jamie Benn wins face-off versus Lukas Reichel in Bruins zone.
1:21 of 2nd period - Jamie Benn is hit by Dylan Samberg.
1:24 of 2nd period - Minor Penalty to Tom Wilson for Tripping.
1:25 of 2nd period - Erik Haula wins face-off versus Wyatt Johnston in Bruins zone.
1:45 of 2nd period - Shot by Jordan Eberle.
1:45 of 2nd period - Stopped by Juuse Saros without a rebound.
1:46 of 2nd period - Ryan Poehling wins face-off versus Mikael Backlund in Bruins zone.
1:46 of 2nd period - Shea Theodore is hit by Cody Ceci and loses puck.
1:49 of 2nd period - Shot by Shea Theodore.
1:49 of 2nd period - Stopped by Juuse Saros without a rebound.
1:50 of 2nd period - Erik Haula wins face-off versus Jordan Eberle in Bruins zone.
1:58 of 2nd period - Brent Burns is hit by Barclay Goodrow.
1:59 of 2nd period - Off-side.
2:00 of 2nd period - Erik Haula wins face-off versus Lukas Reichel in neutral zone.
2:06 of 2nd period - Icing by Jakub Vrana.
2:07 of 2nd period - Erik Haula wins face-off versus Lukas Reichel in Panthers zone.
2:48 of 2nd period - Shot by Hampus Lindholm.
2:48 of 2nd period - Shot Misses the Net.
3:44 of 2nd period - Shot by Max Pacioretty.
3:44 of 2nd period - Shot Misses the Net.
3:46 of 2nd period - Shot by Patrik Nemeth.
3:46 of 2nd period - Shot Misses the Net.
3:48 of 2nd period - Shot by Patrik Nemeth.
3:48 of 2nd period - Stopped by Juuse Saros without a rebound.
3:49 of 2nd period - Mikael Backlund wins face-off versus Lukas Reichel in Bruins zone.
4:59 of 2nd period - Shot by Tomas Hertl.
4:59 of 2nd period - Shot Blocked by Patrik Nemeth.
5:08 of 2nd period - Filip Chytil is hit by Cody Ceci and loses puck.
5:25 of 2nd period - Christopher Tanev is hit by Tomas Hertl and loses puck.
5:43 of 2nd period - Shot by Wyatt Johnston.
5:43 of 2nd period - Stopped by Juuse Saros with a rebound.
5:45 of 2nd period - Shot by Christopher Tanev.
5:45 of 2nd period - Shot Misses the Net.
5:47 of 2nd period - Shot by Christopher Tanev.
5:47 of 2nd period - Stopped by Juuse Saros without a rebound.
5:48 of 2nd period - Ryan Poehling wins face-off versus Tom Wilson in Bruins zone.
5:57 of 2nd period - Icing by Filip Hronek.
5:58 of 2nd period - Patrik Laine wins face-off versus Ryan Poehling in Bruins zone.
5:58 of 2nd period - Patrik Laine is hit by Luke Kunin.
7:04 of 2nd period - Shot by Wyatt Johnston.
7:04 of 2nd period - Shot Misses the Net.
7:55 of 2nd period - Minor Penalty to Patrik Nemeth for Slashing.
7:56 of 2nd period - Tomas Hertl wins face-off versus Ryan Poehling in Panthers zone.
9:22 of 2nd period - Shot by Filip Hronek.
9:22 of 2nd period - Stopped by Pavel Francouz without a rebound.
9:23 of 2nd period - Jamie Benn wins face-off versus Steven Lorentz in Panthers zone.
9:37 of 2nd period - Icing by Filip Hronek.
9:38 of 2nd period - Ryan Poehling wins face-off versus Jamie Benn in Bruins zone.
10:03 of 2nd period - Shot by Jordan Eberle.
10:03 of 2nd period - Stopped by Juuse Saros with a rebound.
10:05 of 2nd period - Shot by Cole Caufield.
10:05 of 2nd period - Stopped by Juuse Saros without a rebound.
10:06 of 2nd period - Filip Chytil wins face-off versus Tomas Hertl in Bruins zone.
10:07 of 2nd period - Shot by Jakub Vrana.
10:07 of 2nd period - Stopped by Juuse Saros without a rebound.
10:08 of 2nd period - Lukas Reichel wins face-off versus Tomas Hertl in Bruins zone.
10:24 of 2nd period - Lukas Reichel is hit by Owen Tippett and loses puck.
10:33 of 2nd period - Shot by Owen Tippett.
10:33 of 2nd period - Stopped by Pavel Francouz without a rebound.
10:34 of 2nd period - David Pastrnak wins face-off versus Kaapo Kakko in Panthers zone.
10:37 of 2nd period - Shot by Mikael Backlund.
10:37 of 2nd period - Deflect By David Pastrnak.
10:37 of 2nd period - Stopped by Pavel Francouz with a rebound.
11:30 of 2nd period - Shot by Patrik Laine.
11:30 of 2nd period - Shot Misses the Net.
11:37 of 2nd period - Off-side.
11:38 of 2nd period - Barclay Goodrow wins face-off versus Luke Kunin in neutral zone.
11:38 of 2nd period - Lucas Raymond is hit by Steven Lorentz and loses puck.
11:50 of 2nd period - Icing by Ryan Poehling.
11:51 of 2nd period - Ryan Poehling wins face-off versus Tom Wilson in Panthers zone.
12:01 of 2nd period - Shot by Jamie Benn.
12:01 of 2nd period - Stopped by Pavel Francouz without a rebound.
12:02 of 2nd period - Wyatt Johnston wins face-off versus Mikael Backlund in Panthers zone.
12:13 of 2nd period - Hampus Lindholm is hit by Max Pacioretty and loses puck.
12:21 of 2nd period - Scott Laughton is hit by Patrik Nemeth and loses puck.
12:39 of 2nd period - David Pastrnak is hit by Dylan Samberg and loses puck.
13:33 of 2nd period - Icing by Filip Hronek.
13:34 of 2nd period - Jamie Benn wins face-off versus Ryan Poehling in Bruins zone.
14:12 of 2nd period - Shot by Owen Tippett.
14:12 of 2nd period - Stopped by Pavel Francouz without a rebound.
14:13 of 2nd period - Mikael Backlund wins face-off versus Lukas Reichel in Panthers zone.
14:48 of 2nd period - Lukas Reichel is hit by David Pastrnak and loses puck.
15:15 of 2nd period - Shot by Jakub Vrana.
15:15 of 2nd period - Stopped by Juuse Saros without a rebound.
15:16 of 2nd period - Tomas Hertl wins face-off versus Kaapo Kakko in Bruins zone.
15:25 of 2nd period - Shot by Filip Chytil.
15:25 of 2nd period - Stopped by Juuse Saros without a rebound.
15:26 of 2nd period - Ryan Poehling wins face-off versus Jamie Benn in Bruins zone.
15:53 of 2nd period - Shot by Steven Lorentz.
15:53 of 2nd period - Stopped by Juuse Saros without a rebound.
15:54 of 2nd period - Filip Chytil wins face-off versus Mikael Backlund in Bruins zone.
16:09 of 2nd period - Patrik Nemeth is hit by Scott Laughton and loses puck.
16:14 of 2nd period - Shot by Mikael Backlund.
16:14 of 2nd period - Shot Misses the Net.
16:27 of 2nd period - Icing by Patrik Nemeth.
16:28 of 2nd period - Tomas Hertl wins face-off versus Filip Chytil in Panthers zone.
16:31 of 2nd period - Shot by Tomas Hertl.
16:31 of 2nd period - Stopped by Pavel Francouz without a rebound.
16:32 of 2nd period - Ryan Poehling wins face-off versus Tomas Hertl in Panthers zone.
16:32 of 2nd period - Ryan Poehling is hit by Owen Tippett.
17:00 of 2nd period - Shot by Owen Tippett.
17:00 of 2nd period - Stopped by Pavel Francouz without a rebound.
17:01 of 2nd period - Barclay Goodrow wins face-off versus Lukas Reichel in Panthers zone.
17:02 of 2nd period - Shot by Kirill Marchenko.
17:02 of 2nd period - Stopped by Pavel Francouz without a rebound.
17:03 of 2nd period - Barclay Goodrow wins face-off versus Lukas Reichel in Panthers zone.
17:04 of 2nd period - Shot by Kirill Marchenko.
17:04 of 2nd period - Stopped by Pavel Francouz without a rebound.
17:05 of 2nd period - Barclay Goodrow wins face-off versus Lukas Reichel in Panthers zone.
17:06 of 2nd period - Shot by Lucas Raymond.
17:06 of 2nd period - Stopped by Pavel Francouz without a rebound.
17:07 of 2nd period - Barclay Goodrow wins face-off versus Lukas Reichel in Panthers zone.
17:21 of 2nd period - Shot by Lukas Reichel.
17:21 of 2nd period - Shot Misses the Net.
17:23 of 2nd period - Shot by Lukas Reichel.
17:23 of 2nd period - Shot Misses the Net.
17:37 of 2nd period - Shot by Jordan Eberle.
17:37 of 2nd period - Deflect By Cole Caufield.
17:37 of 2nd period - Stopped by Juuse Saros with a rebound.
17:39 of 2nd period - Shot by Christopher Tanev.
17:39 of 2nd period - Goal by Christopher Tanev - Bruins : 6 - Panthers : 3.
17:40 of 2nd period - Mikael Backlund wins face-off versus Wyatt Johnston in neutral zone.
17:47 of 2nd period - Shot by David Pastrnak.
17:47 of 2nd period - Stopped by Pavel Francouz with a rebound.
18:18 of 2nd period - Shot by Wyatt Johnston.
18:18 of 2nd period - Deflect By Max Pacioretty.
18:18 of 2nd period - Stopped by Juuse Saros without a rebound.
18:19 of 2nd period - Ryan Poehling wins face-off versus Patrik Laine in Bruins zone.
18:19 of 2nd period - Ryan Poehling is hit by Hampus Lindholm.
18:46 of 2nd period - Shot by Jamie Benn.
18:46 of 2nd period - Stopped by Pavel Francouz without a rebound.
18:47 of 2nd period - Lukas Reichel wins face-off versus Tomas Hertl in Panthers zone.
18:51 of 2nd period - Dylan Samberg is hit by Filip Hronek and loses puck.
19:00 of 2nd period - Shot by Lukas Reichel.
19:00 of 2nd period - Stopped by Juuse Saros without a rebound.
19:01 of 2nd period - Mikael Backlund wins face-off versus Filip Chytil in Bruins zone.
19:42 of 2nd period - Jakub Vrana is hit by Connor Clifton and loses puck.
Goals for this period are 1 for Bruins vs 1 for Panthers.
Shots for this period are 13 for Bruins vs 15 for Panthers.

3rd period


0:01 of 3rd period - Jamie Benn wins face-off versus Lukas Reichel in neutral zone.
0:04 of 3rd period - Shot by Patrik Laine.
0:04 of 3rd period - Stopped by Pavel Francouz with a rebound.
1:25 of 3rd period - Dylan Samberg is hit by Hampus Lindholm and loses puck.
1:48 of 3rd period - Ryan Strome is hit by Hampus Lindholm and loses puck.
1:57 of 3rd period - Shot by Max Pacioretty.
1:57 of 3rd period - Deflect By Wyatt Johnston.
1:57 of 3rd period - Stopped by Juuse Saros without a rebound.
1:58 of 3rd period - Barclay Goodrow wins face-off versus Filip Chytil in Bruins zone.
2:14 of 3rd period - Filip Chytil is hit by Connor Clifton and loses puck.
2:46 of 3rd period - Shot by Jordan Eberle.
2:46 of 3rd period - Deflect By Cole Caufield.
2:46 of 3rd period - Goal by Cole Caufield - Bruins : 6 - Panthers : 4.
2:47 of 3rd period - Mikael Backlund wins face-off versus Wyatt Johnston in neutral zone.
2:53 of 3rd period - Icing by Patrik Nemeth.
2:54 of 3rd period - Wyatt Johnston wins face-off versus Tomas Hertl in Panthers zone.
2:59 of 3rd period - Shot by Max Pacioretty.
2:59 of 3rd period - Stopped by Juuse Saros with a rebound.
3:11 of 3rd period - Shot by Wyatt Johnston.
3:11 of 3rd period - Deflect By Max Pacioretty.
3:11 of 3rd period - Goal by Max Pacioretty - Bruins : 6 - Panthers : 5.
3:12 of 3rd period - Mikael Backlund wins face-off versus Ryan Poehling in neutral zone.
3:15 of 3rd period - Ryan Poehling is hit by Scott Laughton and loses puck.
3:24 of 3rd period - Hampus Lindholm is hit by Luke Kunin and loses puck.
3:37 of 3rd period - Shot by Ryan Poehling.
3:37 of 3rd period - Stopped by Juuse Saros with a rebound.
3:41 of 3rd period - Shot by Steven Lorentz.
3:41 of 3rd period - Shot Misses the Net.
3:43 of 3rd period - Shot by Ryan Poehling.
3:43 of 3rd period - Shot Misses the Net.
3:45 of 3rd period - Shot by Luke Kunin.
3:45 of 3rd period - Shot Blocked by Scott Laughton.
5:31 of 3rd period - Shot by Wyatt Johnston.
5:31 of 3rd period - Stopped by Juuse Saros without a rebound.
5:32 of 3rd period - Tomas Hertl wins face-off versus Filip Chytil in Bruins zone.
5:39 of 3rd period - Shot by Tomas Hertl.
5:39 of 3rd period - Stopped by Pavel Francouz without a rebound.
5:40 of 3rd period - Ryan Poehling wins face-off versus Tomas Hertl in Panthers zone.
6:05 of 3rd period - Hampus Lindholm is hit by Luke Kunin and loses puck.
6:13 of 3rd period - Icing by Hampus Lindholm.
6:14 of 3rd period - Tomas Hertl wins face-off versus Filip Chytil in Bruins zone.
6:29 of 3rd period - Shot by Jakub Vrana.
6:29 of 3rd period - Shot Blocked by Cody Ceci.
6:31 of 3rd period - Shot by Christopher Tanev.
6:31 of 3rd period - Stopped by Juuse Saros without a rebound.
6:32 of 3rd period - Mikael Backlund wins face-off versus Wyatt Johnston in Bruins zone.
6:47 of 3rd period - Shot by Scott Laughton.
6:47 of 3rd period - Shot Misses the Net.
6:49 of 3rd period - Shot by Connor Clifton.
6:49 of 3rd period - Shot Blocked by Patrik Nemeth.
7:36 of 3rd period - Shot by Kaapo Kakko.
7:36 of 3rd period - Shot Misses the Net.
7:38 of 3rd period - Shot by Brent Burns.
7:38 of 3rd period - Goal by Brent Burns - Bruins : 6 - Panthers : 6.
7:39 of 3rd period - Jamie Benn wins face-off versus Lukas Reichel in neutral zone.
7:44 of 3rd period - Shot by Tom Wilson.
7:44 of 3rd period - Shot Misses the Net.
7:46 of 3rd period - Shot by Tom Wilson.
7:46 of 3rd period - Stopped by Pavel Francouz without a rebound.
7:47 of 3rd period - Barclay Goodrow wins face-off versus Lukas Reichel in Panthers zone.
7:58 of 3rd period - Shot by Cole Caufield.
7:58 of 3rd period - Stopped by Juuse Saros without a rebound.
7:59 of 3rd period - Jamie Benn wins face-off versus Ryan Poehling in Bruins zone.
7:59 of 3rd period - Jamie Benn is hit by Luke Kunin.
8:22 of 3rd period - Icing by Martin Fehervary.
8:23 of 3rd period - Tomas Hertl wins face-off versus Ryan Poehling in Panthers zone.
8:23 of 3rd period - Tomas Hertl is hit by Martin Fehervary.
8:37 of 3rd period - Shot by Owen Tippett.
8:37 of 3rd period - Stopped by Pavel Francouz without a rebound.
8:38 of 3rd period - Filip Chytil wins face-off versus Barclay Goodrow in Panthers zone.
8:43 of 3rd period - Shot by Brent Burns.
8:43 of 3rd period - Shot Blocked by Hampus Lindholm.
8:59 of 3rd period - Shot by Kirill Marchenko.
8:59 of 3rd period - Stopped by Pavel Francouz with a rebound.
9:02 of 3rd period - Minor Penalty to Christopher Tanev for Hooking.
9:03 of 3rd period - Jamie Benn wins face-off versus Ryan Poehling in Panthers zone.
9:06 of 3rd period - Shot by Hampus Lindholm.
9:06 of 3rd period - Stopped by Pavel Francouz without a rebound.
9:07 of 3rd period - Jamie Benn wins face-off versus Ryan Poehling in Panthers zone.
9:23 of 3rd period - Hampus Lindholm is hit by Luke Kunin.
9:38 of 3rd period - Shot by David Pastrnak.
9:38 of 3rd period - Shot Misses the Net.
9:40 of 3rd period - Shot by Owen Tippett.
9:40 of 3rd period - Deflect By David Pastrnak.
9:40 of 3rd period - Shot Misses the Net.
9:42 of 3rd period - Shot by Hampus Lindholm.
9:42 of 3rd period - Shot Blocked by Martin Fehervary.
9:44 of 3rd period - Shot by Hampus Lindholm.
9:44 of 3rd period - Shot Blocked by Ryan Poehling.
9:46 of 3rd period - Shot by Hampus Lindholm.
9:46 of 3rd period - Deflect By David Pastrnak.
9:46 of 3rd period - Shot Misses the Net.
10:24 of 3rd period - Shot by Tomas Hertl.
10:24 of 3rd period - Shot Blocked by Steven Lorentz.
10:30 of 3rd period - Shot by Tom Wilson.
10:30 of 3rd period - Shot Misses the Net.
10:46 of 3rd period - Shot by David Pastrnak.
10:46 of 3rd period - Shot Misses the Net.
10:48 of 3rd period - Shot by Owen Tippett.
10:48 of 3rd period - Shot Misses the Net.
10:50 of 3rd period - Shot by Owen Tippett.
10:50 of 3rd period - Shot Blocked by Brent Burns.
10:52 of 3rd period - Shot by Owen Tippett.
10:52 of 3rd period - Shot Blocked by Steven Lorentz.
10:54 of 3rd period - Shot by Hampus Lindholm.
10:54 of 3rd period - Shot Misses the Net.
12:04 of 3rd period - Minor Penalty to Filip Hronek for Tripping.
12:05 of 3rd period - Erik Haula wins face-off versus Wyatt Johnston in Bruins zone.
12:15 of 3rd period - Icing by Christopher Tanev.
12:16 of 3rd period - Erik Haula wins face-off versus Wyatt Johnston in Panthers zone.
12:22 of 3rd period - Icing by Christopher Tanev.
12:23 of 3rd period - Erik Haula wins face-off versus Wyatt Johnston in Panthers zone.
12:23 of 3rd period - Erik Haula is hit by Patrik Nemeth.
12:34 of 3rd period - Icing by Wyatt Johnston.
12:35 of 3rd period - Erik Haula wins face-off versus Wyatt Johnston in Panthers zone.
13:20 of 3rd period - Shot by Jakub Vrana.
13:20 of 3rd period - Deflect By Ryan Poehling.
13:20 of 3rd period - Stopped by Juuse Saros without a rebound.
13:21 of 3rd period - Mikael Backlund wins face-off versus Lukas Reichel in Bruins zone.
13:32 of 3rd period - Shot by Shea Theodore.
13:32 of 3rd period - Stopped by Juuse Saros without a rebound.
13:33 of 3rd period - Lukas Reichel wins face-off versus Barclay Goodrow in Bruins zone.
13:34 of 3rd period - Shot by Jakub Vrana.
13:34 of 3rd period - Stopped by Juuse Saros without a rebound.
13:35 of 3rd period - Lukas Reichel wins face-off versus Erik Haula in Bruins zone.
14:24 of 3rd period - Shot by Wyatt Johnston.
14:24 of 3rd period - Stopped by Juuse Saros without a rebound.
14:25 of 3rd period - Mikael Backlund wins face-off versus Cole Caufield in Bruins zone.
14:48 of 3rd period - Shot by Scott Laughton.
14:48 of 3rd period - Shot Blocked by Patrik Nemeth.
15:25 of 3rd period - Christopher Tanev is hit by Filip Hronek and loses puck.
15:29 of 3rd period - Icing by Filip Hronek.
15:30 of 3rd period - Jamie Benn wins face-off versus Ryan Poehling in Bruins zone.
15:41 of 3rd period - Shot by Tom Wilson.
15:41 of 3rd period - Shot Hit the Post.
15:43 of 3rd period - Shot by Tom Wilson.
15:43 of 3rd period - Stopped by Pavel Francouz without a rebound.
15:44 of 3rd period - Tomas Hertl wins face-off versus Wyatt Johnston in Panthers zone.
15:53 of 3rd period - Shot by Tomas Hertl.
15:53 of 3rd period - Stopped by Pavel Francouz without a rebound.
15:54 of 3rd period - Jamie Benn wins face-off versus Filip Chytil in Panthers zone.
16:15 of 3rd period - Shot by Jakub Vrana.
16:15 of 3rd period - Shot Misses the Net.
16:56 of 3rd period - Off-side.
16:57 of 3rd period - Mikael Backlund wins face-off versus Steven Lorentz in neutral zone.
17:14 of 3rd period - Shot by David Pastrnak.
17:14 of 3rd period - Shot Misses the Net.
17:28 of 3rd period - Shot by David Pastrnak.
17:28 of 3rd period - Shot Misses the Net.
17:32 of 3rd period - Shot by Mikael Backlund.
17:32 of 3rd period - Shot Blocked by Patrik Nemeth.
17:34 of 3rd period - Shot by David Pastrnak.
17:34 of 3rd period - Stopped by Pavel Francouz with a rebound.
17:43 of 3rd period - Icing by Dylan Samberg.
17:44 of 3rd period - Tomas Hertl wins face-off versus Ryan Poehling in Panthers zone.
17:47 of 3rd period - Shot by Tomas Hertl.
17:47 of 3rd period - Shot Misses the Net.
17:49 of 3rd period - Shot by Hampus Lindholm.
17:49 of 3rd period - Shot Blocked by Patrik Nemeth.
17:51 of 3rd period - Shot by Owen Tippett.
17:51 of 3rd period - Shot Hit the Post.
17:53 of 3rd period - Shot by Cody Ceci.
17:53 of 3rd period - Shot Misses the Net.
17:55 of 3rd period - Shot by Tomas Hertl.
17:55 of 3rd period - Deflect By Owen Tippett.
17:55 of 3rd period - Stopped by Pavel Francouz with a rebound.
18:09 of 3rd period - Shot by Owen Tippett.
18:09 of 3rd period - Stopped by Pavel Francouz without a rebound.
18:10 of 3rd period - Wyatt Johnston wins face-off versus Barclay Goodrow in Panthers zone.
18:28 of 3rd period - Brady Skjei is hit by Max Pacioretty and loses puck.
18:39 of 3rd period - Martin Fehervary is hit by Kirill Marchenko and loses puck.
19:26 of 3rd period - Shot by Tomas Hertl.
19:26 of 3rd period - Stopped by Pavel Francouz with a rebound.
19:28 of 3rd period - Shot by Cody Ceci.
19:28 of 3rd period - Shot Misses the Net.
19:30 of 3rd period - Shot by Owen Tippett.
19:30 of 3rd period - Stopped by Pavel Francouz without a rebound.
19:31 of 3rd period - Filip Chytil wins face-off versus Mikael Backlund in Panthers zone.
19:31 of 3rd period - Filip Chytil is hit by Mikael Backlund.
19:51 of 3rd period - Shot by Scott Laughton.
19:51 of 3rd period - Deflect By David Pastrnak.
19:51 of 3rd period - Stopped by Pavel Francouz without a rebound.
19:52 of 3rd period - Jamie Benn wins face-off versus Lukas Reichel in Panthers zone.
Goals for this period are 0 for Bruins vs 3 for Panthers.
Shots for this period are 14 for Bruins vs 13 for Panthers.

Overtime #1


0:01 of 1st overtime period - Jamie Benn wins face-off versus Lukas Reichel in neutral zone.
0:18 of 1st overtime period - Shot by Cole Caufield.
0:18 of 1st overtime period - Shot Misses the Net.
1:14 of 1st overtime period - Shot by Ryan Strome.
1:14 of 1st overtime period - Stopped by Juuse Saros with a rebound.
2:31 of 1st overtime period - Shot by Cole Caufield.
2:31 of 1st overtime period - Stopped by Juuse Saros without a rebound.
2:32 of 1st overtime period - Tomas Hertl wins face-off versus Jordan Eberle in Bruins zone.
2:39 of 1st overtime period - Shot by Tomas Hertl.
2:39 of 1st overtime period - Shot Misses the Net.
2:49 of 1st overtime period - Shot by Lukas Reichel.
2:49 of 1st overtime period - Stopped by Juuse Saros without a rebound.
2:50 of 1st overtime period - Jamie Benn wins face-off versus Ryan Strome in Bruins zone.
2:50 of 1st overtime period - Jamie Benn is hit by Martin Fehervary.
3:36 of 1st overtime period - Icing by Hampus Lindholm.
3:37 of 1st overtime period - Jordan Eberle wins face-off versus Jamie Benn in Bruins zone.
3:50 of 1st overtime period - Shot by Lukas Reichel.
3:50 of 1st overtime period - Stopped by Juuse Saros without a rebound.
3:51 of 1st overtime period - Mikael Backlund wins face-off versus Jordan Eberle in Bruins zone.
4:06 of 1st overtime period - Shot by David Pastrnak.
4:06 of 1st overtime period - Stopped by Pavel Francouz with a rebound.
4:08 of 1st overtime period - Shot by Mikael Backlund.
4:08 of 1st overtime period - Stopped by Pavel Francouz without a rebound.
4:09 of 1st overtime period - Jordan Eberle wins face-off versus Mikael Backlund in Panthers zone.
4:09 of 1st overtime period - Jordan Eberle is hit by Mikael Backlund.
4:25 of 1st overtime period - Shot by Jordan Eberle.
4:25 of 1st overtime period - Stopped by Juuse Saros without a rebound.
4:26 of 1st overtime period - Jamie Benn wins face-off versus Ryan Strome in Bruins zone.
4:45 of 1st overtime period - Shot by Cole Caufield.
4:45 of 1st overtime period - Stopped by Juuse Saros without a rebound.
4:46 of 1st overtime period - Jordan Eberle wins face-off versus Mikael Backlund in Bruins zone.
4:51 of 1st overtime period - Shot by Jordan Eberle.
4:51 of 1st overtime period - Shot Misses the Net.
4:53 of 1st overtime period - Shot by Jordan Eberle.
4:53 of 1st overtime period - Stopped by Juuse Saros without a rebound.
4:54 of 1st overtime period - Jamie Benn wins face-off versus Jordan Eberle in Bruins zone.
Goals for this period are 0 for Bruins vs 0 for Panthers.
Shots for this period are 2 for Bruins vs 7 for Panthers.

ShootOut


5:00 of 1st overtime period - Round #1.
5:00 of 1st overtime period - Bruins, Patrik Laine.
5:00 of 1st overtime period - Goal by Patrik Laine.
5:00 of 1st overtime period - Panthers, Jordan Eberle.
5:00 of 1st overtime period - Stopped by Juuse Saros.
5:00 of 1st overtime period - Round #2.
5:00 of 1st overtime period - Bruins, Lucas Raymond.
5:00 of 1st overtime period - Goal by Lucas Raymond.
5:00 of 1st overtime period - Panthers, Jakub Vrana.
5:00 of 1st overtime period - Shot Misses the Net.
5:00 of 1st overtime period - Round #3.